TOP OF THE 1ST |
Houston Hammertime batting - Pitching for San Jose Missions : LHP Esteban Peña
|
Pitching: LHP Esteban Peña
|
|
Batting: RHB Juan Carlos
|
0-0: Ball 1-0: Ball 2-0: Ball 3-0: Base on Balls
|
Batting: RHB Santo Cruz
|
0-0: Called Strike Juan Carlos steals 2nd base 0-1: Swinging Strike 0-2: Foul Ball, location: 2F 0-2: Ball 1-2: Ball 2-2: Ball 3-2: Foul Ball, location: 2F 3-2: SINGLE (Line Drive, 6MD) Juan Carlos to third
|
Batting: LHB Francisco Cardenas
|
0-0: Ball 1-0: Swinging Strike 1-1: Foul Ball, location: 2F 1-2: Strikes out swinging
|
Batting: RHB Carlos García
|
0-0: Fly out, F9 (Flyball, 9S) Runner from 3rd tags up, OUT at HOME
|
Top of the 1st over - 0 runs, 1 hit, 0 errors, 1 left on base; Houston 0 - San Jose 0 |
BOTTOM OF THE 1ST |
San Jose Missions batting - Pitching for Houston Hammertime : LHP Dan Snyder
|
Pitching: LHP Dan Snyder
|
|
Batting: RHB Dan Mason
|
0-0: Called Strike 0-1: Swinging Strike 0-2: Ball 1-2: Ball 2-2: Foul Ball, location: 2F 2-2: SINGLE (Line Drive, 56)
|
Batting: RHB Jesús Cruz
|
0-0: Called Strike 0-1: Ball 1-1: Ball 2-1: Foul Ball, location: 2F 2-2: Ball 3-2: SINGLE (Flyball, 89M) Dan Mason to second
|
Batting: RHB Jeff Packard
|
0-0: Ball 1-0: Foul Ball, location: 2F 1-1: Grounds into double play, 3-6-3 (Groundball, 3) Dan Mason to third
|
Batting: LHB John Foster
|
0-0: Fly out, F9 (Flyball, 9S)
|
Bottom of the 1st over - 0 runs, 2 hits, 0 errors, 1 left on base; Houston 0 - San Jose 0 |
TOP OF THE 2ND |
Houston Hammertime batting - Pitching for San Jose Missions : LHP Esteban Peña
|
Batting: LHB Marcos Cantú
|
0-0: Ball 1-0: Ball 2-0: Ball 3-0: Called Strike 3-1: Foul Ball, location: 2F 3-2: Strikes out looking
|
Batting: LHB Dave Gordon
|
0-0: Ball 1-0: Called Strike 1-1: Foul Ball, location: 2F 1-2: Foul Ball, location: 2F 1-2: Fly out, F8 (Flyball, 8LS)
|
Batting: SHB Glenn Vadnais
|
0-0: Fly out, F5 (Line Drive, 5L)
|
Top of the 2nd over - 0 runs, 0 hits, 0 errors, 0 left on base; Houston 0 - San Jose 0 |
BOTTOM OF THE 2ND |
San Jose Missions batting - Pitching for Houston Hammertime : LHP Dan Snyder
|
Batting: RHB Millard Stark
|
0-0: Foul Ball, location: 2F 0-1: Swinging Strike 0-2: Ball 1-2: SOLO HOME RUN (Flyball, 7D), Distance : 376 ft
|
Batting: LHB Weston Chaney
|
0-0: Ball 1-0: Fly out, F9 (Flyball, 9LSF)
|
Batting: RHB Jorge Díaz
|
0-0: Ball 1-0: Ball 2-0: Fly out, F6 (Popup, 6MS)
|
Batting: RHB Chase Mueller
|
0-0: Ball 1-0: Ball 2-0: SINGLE (Line Drive, 56D)
|
Batting: RHB Miguel Mendoza
|
0-0: Ball 1-0: Foul Ball, location: 2F 1-1: Foul Ball, location: 2F 1-2: Foul Ball, location: 2F 1-2: Foul Ball, location: 2F 1-2: Strikes out swinging
|
Bottom of the 2nd over - 1 run, 2 hits, 0 errors, 1 left on base; Houston 0 - San Jose 1 |
TOP OF THE 3RD |
Houston Hammertime batting - Pitching for San Jose Missions : LHP Esteban Peña
|
Now at 3B: Chase Mueller
|
|
Batting: LHB Raúl Casillán
|
0-0: Foul Ball, location: 2F 0-1: Foul Ball, location: 2F 0-2: Strikes out swinging
|
Batting: LHB David Adams
|
0-0: Called Strike 0-1: SINGLE (Groundball, 4MD)
|
Batting: RHB Juan Carlos
|
0-0: Ball 1-0: Swinging Strike 1-1: SINGLE (Line Drive, 4MD) David Adams to second
|
Batting: RHB Santo Cruz
|
0-0: Ball 1-0: Foul Ball, location: 2F 1-1: Ball 2-1: DOUBLE (Line Drive, 78XD) David Adams scores Juan Carlos to third Runner from 3rd tries for Home, SAFE, no throw
|
Batting: LHB Francisco Cardenas
|
0-0: Ball 1-0: Fly out, F9 (Flyball, 9)
|
Batting: RHB Carlos García
|
0-0: Ball 1-0: Ball 2-0: Ball 3-0: Base on Balls
|
Batting: LHB Marcos Cantú
|
0-0: Ball 1-0: Ball 2-0: Ball 3-0: Base on Balls Santo Cruz to third Carlos García to second
|
Batting: LHB Dave Gordon
|
0-0: Ball 1-0: Fly out, F6 (Popup, 6M)
|
Top of the 3rd over - 2 runs, 3 hits, 0 errors, 3 left on base; Houston 2 - San Jose 1 |
BOTTOM OF THE 3RD |
San Jose Missions batting - Pitching for Houston Hammertime : LHP Dan Snyder
|
Batting: RHB Dan Mason
|
0-0: Bunted foul 0-1: Ball 1-1: Ground out 6-3 (Groundball, 56)
|
Batting: RHB Jesús Cruz
|
0-0: Called Strike 0-1: Ball 1-1: Called Strike 1-2: Fly out, F8 (Flyball, 89D)
|
Batting: RHB Jeff Packard
|
0-0: Ball 1-0: Ground out 5-3 (Groundball, 56)
|
Bottom of the 3rd over - 0 runs, 0 hits, 0 errors, 0 left on base; Houston 2 - San Jose 1 |
TOP OF THE 4TH |
Houston Hammertime batting - Pitching for San Jose Missions : LHP Esteban Peña
|
Batting: SHB Glenn Vadnais
|
0-0: Called Strike 0-1: SINGLE (Groundball, 6D)
|
Batting: LHB Raúl Casillán
|
0-0: Ball 1-0: Called Strike 1-1: Swinging Strike 1-2: Ball 2-2: Foul Ball, location: 2F 2-2: Foul Ball, location: 2F 2-2: Strikes out looking
|
Batting: LHB David Adams
|
0-0: Ball 1-0: SINGLE (Line Drive, 8LM) Glenn Vadnais to second
|
Batting: RHB Juan Carlos
|
0-0: Swinging Strike 0-1: Called Strike 0-2: Strikes out swinging
|
Batting: RHB Santo Cruz
|
0-0: Swinging Strike 0-1: Foul Ball, location: 2F 0-2: Ball 1-2: Ball 2-2: Ball 3-2: TRIPLE (Flyball, 7LD) Glenn Vadnais scores David Adams scores
|
Batting: LHB Francisco Cardenas
|
0-0: Called Strike 0-1: Ball 1-1: Ball 2-1: Ball 3-1: Foul Ball, location: 2F 3-2: Base on Balls
|
Batting: RHB Carlos García
|
0-0: Ball 1-0: Called Strike 1-1: Ball 2-1: DOUBLE (Flyball, 8RXD) Santo Cruz scores Francisco Cardenas to third
|
Batting: LHB Marcos Cantú
|
0-0: Ball 1-0: Called Strike 1-1: SINGLE (Groundball, 56D) Francisco Cardenas scores Carlos García to third Runner from 3rd tries for Home, SAFE, no throw
|
Pitching: RHP Ramón Fonseca
|
|
Batting: LHB Dave Gordon
|
0-0: Foul Ball, location: 2F 0-1: Ball 1-1: Ground out 1-3 (Groundball, 13S)
|
Top of the 4th over - 5 runs, 5 hits, 0 errors, 1 left on base; Houston 7 - San Jose 1 |
BOTTOM OF THE 4TH |
San Jose Missions batting - Pitching for Houston Hammertime : LHP Dan Snyder
|
Batting: LHB John Foster
|
0-0: Ball 1-0: Called Strike 1-1: Called Strike 1-2: Ball 2-2: Fly out, F7 (Flyball, 7S)
|
Batting: RHB Millard Stark
|
0-0: Ball 1-0: Foul Ball, location: 2F 1-1: Swinging Strike 1-2: Ball 2-2: Strikes out swinging
|
Batting: LHB Weston Chaney
|
0-0: Ball 1-0: Called Strike 1-1: Ball 2-1: Ball 3-1: Called Strike 3-2: Foul Ball, location: 2F 3-2: Foul Ball, location: 2F 3-2: Fly out, F7 (Flyball, 7D)
|
Bottom of the 4th over - 0 runs, 0 hits, 0 errors, 0 left on base; Houston 7 - San Jose 1 |
TOP OF THE 5TH |
Houston Hammertime batting - Pitching for San Jose Missions : RHP Ramón Fonseca
|
Batting: SHB Glenn Vadnais
|
0-0: Called Strike 0-1: Hit by Pitch
|
Batting: LHB Raúl Casillán
|
0-0: Ball 1-0: Foul Ball, location: 2F 1-1: Ball 2-1: Ground out 4-3 (Groundball, 34D) Glenn Vadnais to second
|
Batting: LHB David Adams
|
0-0: Ball 1-0: Called Strike 1-1: Fly out, F8 (Flyball, 8LD)
|
Batting: RHB Juan Carlos
|
0-0: Ball 1-0: Called Strike 1-1: SINGLE (Groundball, 25) (infield hit) Glenn Vadnais to third
|
Batting: RHB Santo Cruz
|
0-0: Ball 1-0: Foul Ball, location: 2F 1-1: Ball 2-1: Foul Ball, location: 2F 2-2: SINGLE (Groundball, 4MD) Glenn Vadnais scores Juan Carlos to second Runner from 2nd tries for 3rd, OUT!
|
Top of the 5th over - 1 run, 2 hits, 0 errors, 1 left on base; Houston 8 - San Jose 1 |
BOTTOM OF THE 5TH |
San Jose Missions batting - Pitching for Houston Hammertime : LHP Dan Snyder
|
Batting: RHB Jorge Díaz
|
0-0: Ball 1-0: Foul Ball, location: 2F 1-1: Ground out 1-3 (Groundball, 15)
|
Batting: RHB Chase Mueller
|
0-0: Fly out, F4 (Popup, 4)
|
Batting: RHB Miguel Mendoza
|
0-0: Fly out, F9 (Flyball, 9LD)
|
Bottom of the 5th over - 0 runs, 0 hits, 0 errors, 0 left on base; Houston 8 - San Jose 1 |
TOP OF THE 6TH |
Houston Hammertime batting - Pitching for San Jose Missions : RHP Ramón Fonseca
|
Batting: LHB Francisco Cardenas
|
0-0: Ball 1-0: Foul Ball, location: 2F 1-1: Called Strike 1-2: Strikes out swinging
|
Batting: RHB Carlos García
|
0-0: Ball 1-0: Swinging Strike 1-1: Ball 2-1: Foul Ball, location: 2F 2-2: Foul Ball, location: 2F 2-2: Ball 3-2: Strikes out swinging
|
Batting: LHB Marcos Cantú
|
0-0: Called Strike 0-1: Ball 1-1: Ground out 5-3 (Groundball, 56)
|
Top of the 6th over - 0 runs, 0 hits, 0 errors, 0 left on base; Houston 8 - San Jose 1 |
BOTTOM OF THE 6TH |
San Jose Missions batting - Pitching for Houston Hammertime : LHP Dan Snyder
|
Batting: RHB Dan Mason
|
0-0: Ball 1-0: Called Strike 1-1: SINGLE (Flyball, 78S)
|
Batting: RHB Jesús Cruz
|
0-0: Called Strike 0-1: Ball 1-1: Swinging Strike 1-2: Strikes out looking
|
Batting: RHB Jeff Packard
|
0-0: Ball 1-0: Grounds into double play, 6-4-3 (Groundball, 6)
|
Bottom of the 6th over - 0 runs, 1 hit, 0 errors, 0 left on base; Houston 8 - San Jose 1 |
TOP OF THE 7TH |
Houston Hammertime batting - Pitching for San Jose Missions : RHP Ramón Fonseca
|
Batting: LHB Dave Gordon
|
0-0: Called Strike 0-1: Fly out, F6 (Line Drive, 6M)
|
Batting: SHB Glenn Vadnais
|
0-0: Ball 1-0: Ball 2-0: SOLO HOME RUN (Flyball, 9D), Distance : 373 ft
|
Batting: LHB Raúl Casillán
|
0-0: Called Strike 0-1: SINGLE (Line Drive, 9LS)
|
Batting: LHB David Adams
|
0-0: Ball 1-0: Swinging Strike 1-1: Ball 2-1: Called Strike 2-2: Ball 3-2: Foul Ball, location: 2F 3-2: Foul Ball, location: 2F 3-2: SINGLE (Flyball, 4D) Raúl Casillán to second Raúl Casillán to third
|
Pitching: LHP Craig Sturdy
|
|
Batting: RHB Juan Carlos
|
0-0: Ball 1-0: Foul Ball, location: 2F 1-1: Called Strike 1-2: Ball 2-2: Fly out, F9 (Flyball, 9) Runner from 3rd tags up, OUT at HOME
|
Top of the 7th over - 1 run, 3 hits, 0 errors, 1 left on base; Houston 9 - San Jose 1 |
BOTTOM OF THE 7TH |
San Jose Missions batting - Pitching for Houston Hammertime : LHP Dan Snyder
|
Batting: LHB John Foster
|
0-0: Called Strike 0-1: Ball 1-1: DOUBLE (Line Drive, 3D)
|
Batting: RHB Millard Stark
|
0-0: Swinging Strike 0-1: Ball 1-1: 2-RUN HOME RUN (Flyball, 7D), Distance : 383 ft
|
Batting: LHB Weston Chaney
|
0-0: Ball 1-0: SINGLE (Flyball, 8RS)
|
Batting: RHB Jorge Díaz
|
0-0: Ball Wild Pitch! Weston Chaney to second 1-0: Ball 2-0: Foul Ball, location: 2F 2-1: Called Strike 2-2: Ball 3-2: Ground out U3 (Groundball, 34S) Weston Chaney to third
|
Batting: RHB Chase Mueller
|
0-0: Ball 1-0: Ball 2-0: Ball 3-0: Called Strike 3-1: SINGLE (Groundball, 34D) Weston Chaney scores
|
Batting: RHB Miguel Mendoza
|
0-0: Ball 1-0: Fly out, F8 (Flyball, 8LM)
|
Batting: RHB Dan Mason
|
0-0: Ball 1-0: Ball 2-0: Ball 3-0: Called Strike 3-1: Foul Ball, location: 2F 3-2: Ground out 6-3 (Groundball, 6)
|
Bottom of the 7th over - 3 runs, 4 hits, 0 errors, 1 left on base; Houston 9 - San Jose 4 |
TOP OF THE 8TH |
Houston Hammertime batting - Pitching for San Jose Missions : LHP Craig Sturdy
|
Batting: RHB Santo Cruz
|
0-0: Called Strike 0-1: Foul Ball, location: 2F 0-2: Ball 1-2: SINGLE (Groundball, 6MD)
|
Batting: LHB Francisco Cardenas
|
0-0: Swinging Strike 0-1: Called Strike 0-2: Strikes out looking
|
Batting: RHB Carlos García
|
0-0: Ball Santo Cruz is caught stealing 2nd base 1-0: Fly out, F8 (Flyball, 8RS)
|
Top of the 8th over - 0 runs, 1 hit, 0 errors, 0 left on base; Houston 9 - San Jose 4 |
BOTTOM OF THE 8TH |
San Jose Missions batting - Pitching for Houston Hammertime : LHP Dan Snyder
|
Pitching: RHP António Galindo
|
|
Batting: RHB Jesús Cruz
|
0-0: Ball 1-0: Ball 2-0: Called Strike 2-1: Ball 3-1: Base on Balls
|
Batting: RHB Jeff Packard
|
0-0: Ball 1-0: Foul Ball, location: 2F 1-1: Ball 2-1: Swinging Strike 2-2: Ball 3-2: Strikes out swinging
|
Batting: LHB John Foster
|
0-0: Ball 1-0: Ball 2-0: Foul Ball, location: 2F 2-1: Foul Ball, location: 2F 2-2: Ground out 6-3 (Groundball, 6S) Jesús Cruz to second
|
Batting: RHB Millard Stark
|
0-0: Called Strike 0-1: Foul Ball, location: 2F 0-2: Ball 1-2: Ball 2-2: Ball 3-2: Base on Balls
|
Batting: LHB Weston Chaney
|
0-0: Called Strike 0-1: Ball 1-1: Ball 2-1: Swinging Strike 2-2: Strikes out swinging
|
Bottom of the 8th over - 0 runs, 0 hits, 0 errors, 2 left on base; Houston 9 - San Jose 4 |
TOP OF THE 9TH |
Houston Hammertime batting - Pitching for San Jose Missions : LHP Craig Sturdy
|
Batting: LHB Marcos Cantú
|
0-0: Ball 1-0: Called Strike 1-1: Foul Ball, location: 2F 1-2: Foul Ball, location: 2F 1-2: Foul Ball, location: 2F 1-2: Foul Ball, location: 2F 1-2: SINGLE (Line Drive, 7LS)
|
Batting: LHB Dave Gordon
|
0-0: Ball 1-0: Grounds into double play, 4-6-3 (Groundball, 4)
|
Batting: SHB Glenn Vadnais
|
0-0: Foul Ball, location: 2F 0-1: Ball 1-1: SINGLE (Line Drive, 3L)
|
Batting: LHB Raúl Casillán
|
0-0: Ball 1-0: Called Strike 1-1: Ball 2-1: Swinging Strike 2-2: Foul Ball, location: 2F 2-2: Foul Ball, location: 2F 2-2: Ball 3-2: Foul Ball, location: 2F 3-2: Ground out U3 (Groundball, 3L)
|
Top of the 9th over - 0 runs, 2 hits, 0 errors, 1 left on base; Houston 9 - San Jose 4 |
BOTTOM OF THE 9TH |
San Jose Missions batting - Pitching for Houston Hammertime : RHP António Galindo
|
Now at C: Raúl Salas
|
|
Now at 1B: José García
|
|
Now in CF: Jeffrey Satterley
|
|
Batting: RHB Jorge Díaz
|
0-0: Ball 1-0: Called Strike 1-1: Called Strike 1-2: Ball 2-2: Ball 3-2: Foul Ball, location: 2F 3-2: Ground out 4-3 (Groundball, 4)
|
Batting: RHB Chase Mueller
|
0-0: Ball 1-0: Ball 2-0: DOUBLE (Line Drive, 3D)
|
Batting: RHB Miguel Mendoza
|
0-0: Ball 1-0: Ball 2-0: Called Strike 2-1: DOUBLE (Line Drive, 89D) Chase Mueller scores
|
Batting: RHB Dan Mason
|
0-0: SINGLE (Line Drive, 8LS) Miguel Mendoza to third
|
Batting: RHB Jesús Cruz
|
0-0: Called Strike 0-1: SINGLE (Groundball, 34D) Miguel Mendoza scores Dan Mason to second
|
Pinch Hitting: LHB Frank Geddes
|
0-0: Ball Wild Pitch! Dan Mason to third Jesús Cruz to second 1-0: Ball 2-0: 3-RUN HOME RUN (Flyball, 8RXD), Distance : 440 ft
|
Batting: LHB John Foster
|
0-0: Ball 1-0: Foul Ball, location: 2F 1-1: Foul Ball, location: 2F 1-2: Strikes out looking
|
Batting: RHB Millard Stark
|
0-0: Ball 1-0: Ball 2-0: Ball 3-0: Called Strike 3-1: Foul Ball, location: 2F 3-2: Base on Balls
|
Batting: LHB Weston Chaney
|
0-0: Ball 1-0: Ball 2-0: Ball 3-0: Called Strike 3-1: Base on Balls Millard Stark to second
|
Batting: RHB Jorge Díaz
|
0-0: Ball 1-0: Fly out, F7 (Flyball, 7S)
|
Bottom of the 9th over - 5 runs, 5 hits, 0 errors, 2 left on base; Houston 9 - San Jose 9 |
TOP OF THE 10TH |
Houston Hammertime batting - Pitching for San Jose Missions : LHP Craig Sturdy
|
Pitching: RHP Terry Adams
|
|
Now in CF: Irwin Duncan
|
|
Batting: LHB David Adams
|
0-0: Called Strike 0-1: Called Strike 0-2: Ball 1-2: Ball 2-2: Strikes out swinging
|
Batting: RHB Juan Carlos
|
0-0: Called Strike 0-1: Ball 1-1: Foul Ball, location: 2F 1-2: SINGLE (Flyball, 7LM)
|
Batting: RHB Santo Cruz
|
0-0: Ball 1-0: Ground out 5-3 (Groundball, 2L) Juan Carlos to second
|
Batting: LHB Francisco Cardenas
|
0-0: Swinging Strike 0-1: Fly out, F4 (Popup, 34D)
|
Top of the 10th over - 0 runs, 1 hit, 0 errors, 1 left on base; Houston 9 - San Jose 9 |
BOTTOM OF THE 10TH |
San Jose Missions batting - Pitching for Houston Hammertime : RHP António Galindo
|
Pinch Hitting: LHB Arturo Rivera
|
0-0: Foul Ball, location: 2F 0-1: Ball 1-1: Fly out, F8 (Flyball, 89D)
|
Batting: RHB Miguel Mendoza
|
0-0: Called Strike 0-1: Swinging Strike 0-2: Strikes out looking
|
Batting: RHB Dan Mason
|
0-0: Ball 1-0: SINGLE (Groundball, 6MD)
|
Batting: RHB Jesús Cruz
|
0-0: Ball 1-0: Foul Ball, location: 2F 1-1: Ball Wild Pitch! Dan Mason to second 2-1: Foul Ball, location: 2F 2-2: Strikes out swinging
|
Bottom of the 10th over - 0 runs, 1 hit, 0 errors, 1 left on base; Houston 9 - San Jose 9 |
TOP OF THE 11TH |
Houston Hammertime batting - Pitching for San Jose Missions : RHP Terry Adams
|
Now at 3B: Glenn Melican
|
|
Batting: RHB Carlos García
|
0-0: Called Strike 0-1: Swinging Strike 0-2: Ball 1-2: Strikes out swinging
|
Batting: RHB José García
|
0-0: Foul Ball, location: 2F 0-1: Swinging Strike 0-2: Ball 1-2: Ground out 3-1 (Groundball, 34)
|
Batting: RHB Raúl Salas
|
0-0: Ball 1-0: Called Strike 1-1: Ball 2-1: Ball 3-1: Foul Ball, location: 2F 3-2: Foul Ball, location: 2F 3-2: Base on Balls
|
Batting: SHB Glenn Vadnais
|
0-0: DOUBLE (Line Drive, 9LS) Raúl Salas to third Runner from 3rd tries for Home, SAFE, no throw
|
Batting: LHB Jeffrey Satterley
|
0-0: Called Strike 0-1: Foul Ball, location: 2F 0-2: Ball 1-2: Ball 2-2: Foul Ball, location: 2F 2-2: Ball 3-2: Foul Ball, location: 2F 3-2: Base on Balls
|
Pinch Runner at 2nd Enrique Valentín:
|
|
Batting: LHB David Adams
|
0-0: Called Strike 0-1: Foul Ball, location: 2F 0-2: Ground out U3 (Groundball, 3L)
|
Top of the 11th over - 1 run, 1 hit, 0 errors, 2 left on base; Houston 10 - San Jose 9 |
BOTTOM OF THE 11TH |
San Jose Missions batting - Pitching for Houston Hammertime : RHP António Galindo
|
Now in RF: Enrique Valentín
|
|
Pinch Hitting: LHB Phil Cantrell
|
0-0: Ball 1-0: Ball 2-0: Ball 3-0: Called Strike 3-1: Base on Balls
|
Batting: LHB John Foster
|
0-0: Ball 1-0: Ball 2-0: Called Strike 2-1: Ball 3-1: Base on Balls Phil Cantrell to second
|
Pitching: RHP Lewis Sweeney
|
|
Batting: RHB Millard Stark
|
0-0: Foul Ball, location: 2F 0-1: Ball 1-1: Ball 2-1: Swinging Strike 2-2: Strikes out swinging
|
Batting: LHB Weston Chaney
|
0-0: Called Strike 0-1: Called Strike 0-2: Ball 1-2: Fly out, F5 (Line Drive, 5S)
|
Batting: RHB Jorge Díaz
|
0-0: Called Strike 0-1: Ball 1-1: Swinging Strike 1-2: Ball 2-2: Fly out, F7 (Flyball, 78D)
|
Bottom of the 11th over - 0 runs, 0 hits, 0 errors, 2 left on base; Houston 10 - San Jose 9 |
|